 Dungeon Crawl Stone Soup version 0.28-a0-586-gbdb9d174a4 (webtiles) character file.

Game seed: 12081862943547868609

0 Gargoyl the Skirmisher (level 1, -10/23 HPs)
             Began as a Gnoll Abyssal Knight on Oct 3, 2021.
             Was a Follower of Lugonu.
             Mangled by a thrashing horror (11 damage)
             ... on level 2 of the Abyss.
             The game lasted 00:00:59 (258 turns).

Gargoyl the Skirmisher (Gnoll Abyssal Knight)        Turns: 258, Time: 00:01:00

Health: -10/23     AC:  3    Str: 12    XL:     1   Next: 0%
Magic:  3/3        EV: 12    Int:  9    God:    Lugonu [*.....]
Gold:   3          SH:  0    Dex: 12    Spells: 0/0 levels left

rFire   . . .      SeeInvis .   a - +1 hand axe
rCold   . . .      Faith    .   (no shield)
rNeg    . . .      Spirit   .   b - +0 leather armour
rPois   .          Reflect  .   (no helmet)
rElec   .          Harm     .   (no cloak)
rCorr   .          Rampage  .   (no gloves)
Will    .....                   (no boots)
Stlth   +.........              (no amulet)
HPRegen 0.07/turn               (no ring)
MPRegen 0.08/turn               (no ring)

@: no status effects
A: fangs 1, strong nose, distributed training
a: Renounce Religion, Depart the Abyss


You were on level 2 of the Abyss.
You worshipped Lugonu.
Lugonu was aware of your devotion.
You visited 0 branches of the dungeon, and saw 0 of its levels.
You visited the Abyss 1 time.

You collected 3 gold pieces.

Inventory:

Hand Weapons
 a - a +1 hand axe (weapon)
Armour
 b - a +0 leather armour (worn)


   Skills:
 + Level 6.4 Fighting
 + Level 0.0 Short Blades
 + Level 0.0 Long Blades
 + Level 4.4 Axes
 + Level 0.0 Maces & Flails
 + Level 0.0 Polearms
 + Level 0.0 Staves
 + Level 0.0 Slings
 + Level 0.0 Bows
 + Level 0.0 Crossbows
 + Level 0.0 Throwing
 + Level 4.4 Armour
 + Level 2.3 Dodging
 + Level 0.0 Stealth
 + Level 0.0 Shields
 + Level 0.0 Unarmed Combat
 + Level 0.0 Spellcasting
 + Level 0.0 Conjurations
 + Level 0.0 Hexes
 + Level 0.0 Summonings
 + Level 0.0 Necromancy
 + Level 0.0 Translocations
 + Level 0.0 Transmutations
 + Level 0.0 Fire Magic
 + Level 0.0 Ice Magic
 + Level 0.0 Air Magic
 + Level 0.0 Earth Magic
 + Level 0.0 Poison Magic
 + Level 4.4 Invocations
 + Level 0.0 Evocations


You couldn't memorise any spells.
You didn't know any spells.
Your spell library was empty.

Dungeon Overview and Level Annotations

Branches:
Dungeon (0/15)

Altars:


Innate Abilities, Weirdness & Mutations

You have very sharp teeth.
Your uncanny sense of smell can sniff out nearby items.
Your experience applies equally to all skills.


Message History

c - a scroll labelled SUJUEV VUKOSU
As you read the scroll labelled SUJUEV VUKOSU, it crumbles to dust.
The scroll dissolves into smoke.
It was a scroll of fog.
Found a gateway leading out of the Abyss.
You now have 3 gold pieces.
Found 23 bolts.
A lurking horror comes into view.
Unknown command.
You see here 23 bolts.
Found a leather armour.
Your body is wracked with pain!
HP restored.
A fire bat comes into view.
Found a gateway leading deeper into the Abyss.
There is a gateway leading deeper into the Abyss here.
You plunge deeper into the Abyss.
Found 3 silver boomerangs.
c - a scroll labelled DEIHAECKIO
d - a scroll labelled REEPIR GITEPT
As you read the scroll labelled DEIHAECKIO, it crumbles to dust.
It is a scroll of identify.
d - a scroll of vulnerability You drop a scroll of vulnerability.
Found a scroll of vulnerability.
Unknown command.
Found a gateway leading deeper into the Abyss.
A thrashing horror comes into view.
The thrashing horror roars!
The thrashing horror closely misses you.
The thrashing horror tramples you.
You hold your ground!
The thrashing horror tramples you.
You hold your ground!
The thrashing horror tramples you.
You hold your ground!
The thrashing horror tramples you.
* * * LOW HITPOINT WARNING * * *
You stumble backwards!
The thrashing horror tramples you.
* * * LOW HITPOINT WARNING * * *
You stumble backwards!
The thrashing horror tramples you!
You die...

∆ #### ?.. ##### ### #.
.#.#.##.# .#..# # ....#
.## .....#.#.##.#####
#...# .#
#...##.#..#..##....#
#.#.# #........X@.# ..
..#...#.##..##.....# ..
.##...#..#..>...##..
#.#...#..#....#.....#
..#.#.##.##.#.####..#..
##.#.#... .#... #.# #.
. .########.... #. #.
##. . # ...... #. ##
.#.#. ##.....


You could see a thrashing horror.

Vanquished Creatures (others)
  A lurking horror (Abyss:1)
1 creature vanquished.

Notes
Turn   | Place    | Note
-------+----------+-------------------------------------------
     0 | Abyss:1  | Gargoyl the Gnoll Abyssal Knight began the quest for the
                  | Orb.
     0 | Abyss:1  | Reached XP level 1. HP: 23/23 MP: 3/3
   201 | Abyss:1  | Noticed a fire bat
   250 | Abyss:2  | Noticed a thrashing horror
   257 | Abyss:2  | HP: 1/23 [thrashing horror (5)]
   258 | Abyss:2  | Mangled by a thrashing horror

Illustrated notes

Levels and vault maps discovered:
Abyss:2:  base:
Temple

Action                   || total
-------------------------++-------
  Use: Scroll            ||     2
Dodge: Dodged            ||     1

Table legend: (Time is in decaauts)
 A = Elapsed time spent in this place.
 B = Non-inter-level travel time spent in this place.
 C = Inter-level travel time spent in this place.
 D = Time resting spent in this place.
 E = Time spent auto-exploring this place.
 F = Levels seen in this place.
 G = Mean time per level.
                   A        B        C        D        E       F      G
               +--------+--------+--------+--------+--------+-----+--------+
         Total |    257 |    257 |      0 |      0 |    210 |   2 |  128.5 |
         Abyss |    257 |    257 |      0 |      0 |    210 |   2 |  128.5 |
               +--------+--------+--------+--------+--------+-----+--------+

Top non-repeatable levels by time:
 Abyss:1: 217 daAuts
 Abyss:2: 40 daAuts
